[Event "*** Titled Tuesday Blitz"]
[Site "Chess.com"]
[Date "2020.12.29"]
[Round "11"]
[White "Geller_Jakov"]
[Black "OK97"]
[Result "1-0"]
[WhiteElo "2641"]
[BlackElo "2773"]
[TimeControl "180+1"]
[EndTime "12:06:43 PST"]
[Termination "Geller_Jakov won by resignation"]

1. e4 c5 2. Nf3 d6 3. d4 cxd4 4. Nxd4 Nf6 5. Nc3 Nc6 6. Bg5 Bd7 7. Qd2 a6 8. Bxf6 gxf6 9. O-O-O e6 10. Kb1 b5 11. f4 Qb6 12. Nxc6 Bxc6 13. f5 h5 14. fxe6 fxe6 15. Bd3 b4 16. Ne2 Bh6 17. Qe1 Qc5 18. Rf1 Ke7 19. g3 Rag8 20. Nf4 Bxf4 21. gxf4 h4 22.
e5 dxe5 23. fxe5 f5 24. Rf4 h3 25. Rc4 Qb6 26. Rxb4 Qa7 27. Rh4 Bf3 28. Qb4+ Kf7 29. Rf1 Bg2 30. Rc1 Qf2 31. Rxh8 Rxh8 32. Qd6 Qa7 33.
Bc4 Qe7 34. Qxa6 f4 35. Rd1 f3 36. Qb6 Rc8 37. b3 Re8 38. Bb5 Kg6 39. Bxe8+ Qxe8 40. Rd8 Qe7 41. Rd6 Kf5 42. Qe3 Qc7 43. Rd4 Qxe5 44.
Qd3+ Kf6 45. Rd8 Qe1+ 46. Kb2 Qe5+ 47. Ka3 Qa5+ 48. Kb2 Qe5+ 49. c3 Qe2+ 50. Qc2 Qxc2+ 51. Kxc2 Ke7 52. Rd2 e5 53. Kd3 e4+ 54. Ke3 Ke6 55.
a4 Bf1 56. c4 Ke5 57. a5 1-0

[Event "*** Titled Tuesday Blitz"]
[Site "Chess.com"]
[Date "2020.12.29"]
[Round "11"]
[White "Siniauski"]
[Black "onnoelgersma"]
[Result "1/2-1/2"]
[WhiteElo "2586"]
[BlackElo "2460"]
[TimeControl "180+1"]
[EndTime "12:06:44 PST"]
[Termination "Game drawn by repetition"]

1. e4 c5 2. Nf3 e6 3. c4 Nc6 4. Be2 Nf6 5. Nc3 a6 6. O-O Qb6 7. d3 Be7 8. Bf4 d6 9. Rb1 O-O 10. h3 Nd7 11. Qd2 Nde5 12. Be3 Nxf3+ 13. Bxf3 Bf6 14. Ne2 Qb4 15. Qd1 Ne5 16. a3 Qa5 17. Ng3 b5 18. Be2 Rb8 19. f4 Nc6 20. Kh2 Nd4 21.
Bg4 Bb7 22. Nh5 Be7 23. Bxd4 cxd4 24. f5 bxc4 25. dxc4 Qe5+ 26. Kh1 Bxe4 27. Re1 exf5 28. Bf3 Bh4 29. Re2 d3 30. Re3 Rxb2 31. Rxb2 Qxb2 32. Bxe4 fxe4 33. Rxe4 Qc2 34. Qg4 g6 35. Qxh4 Qd1+ 36. Re1 Qxh5 37. Qxh5 gxh5 38. Rd1 Rc8 39. Rxd3 Rxc4 40.
Rxd6 Ra4 41. Rd3 Kg7 42. Kh2 Kg6 43. Kg3 h4+ 44. Kf3 f5 45. Rc3 h5 46. Rb3 Kg5 47.
Rc3 Rd4 48. Ke3 Re4+ 49. Kf3 a5 50. Rc8 Ra4 51. Rc3 Re4 52. Rc8 Ra4 53. Rc3 Kf6 54.
Ke3 Ke6 55. Rb3 Re4+ 56. Kf3 Rd4 57. Ke3 Rc4 58. Kf3 Ke5 59. Rb5+ Kf6 60. Rb6+ Kg5 61.
Rb3 Ra4 62. Rc3 1/2-1/2

[Event "*** Titled Tuesday Blitz"]
[Site "Chess.com"]
[Date "2020.12.29"]
[Round "11"]
[White "Logman74"]
[Black "Skatchkov_V"]
[Result "0-1"]
[WhiteElo "2384"]
[BlackElo "2511"]
[TimeControl "180+1"]
[EndTime "12:06:44 PST"]
[Termination "Skatchkov_V won on time"]

1. e4 e5 2. Nf3 d5 3. Nxe5 Bd6 4. d4 dxe4 5. Bf4 Nf6 6. Nc3 O-O 7. Bc4 Nc6 8. Nxc6 bxc6 9. Bxd6 cxd6 10. d5 c5 11.
O-O Rb8 12. b3 Qe7 13. Re1 Qe5 14. Qd2 Ng4 15. f4 e3 16. fxe5 exd2 17. Re2 Nxe5 18. Rxd2 Nxc4 19. bxc4 a6 20. Ne4 Rd8 21. Re2 Bf5 22.
Rf1 Bxe4 23. Rxe4 Re8 24. Rfe1 Rxe4 25. Rxe4 Kf8 26. Re3 Rb1+ 27. Kf2 Rb2 28. Ra3 Rxc2+ 29. Kf3 Rxc4 30. Rxa6 Ke7 31. Ra7+ Kf6 32. Rd7 Ke5 33. Rxf7 Rc3+ 34. Kg4 Rc2 35. Kh3 Kxd5 36. Rxg7 Rxa2 37. Rxh7 c4 38. Rc7 Ra5 39. g4 Rc5 40. Ra7 c3 41. Ra1 c2 42. Rc1 Kd4 43. g5 Kd3 44. Kg4 Kd2 45. Rg1 Re5 46. h4 Re1 47. Rg2+ Re2 48. Rg1 d5 49. g6 c1=Q 50. Rxc1 Kxc1 51. Kf3 Re1 52. h5 Rg1 53. Ke3 Kc2 54. Kf4 d4 55. Kf5 d3 56. h6 d2 57. h7 d1=Q 58. h8=Q Qg4+ 59. Ke5 Re1+ 60. Kd5 Qf5+ 61. Kc4 Re4+ 0-1

[Event "*** Titled Tuesday Blitz"]
[Site "Chess.com"]
[Date "2020.12.29"]
[Round "11"]
[White "XiaoKangZhong"]
[Black "Mambastik-Fantastic"]
[Result "1/2-1/2"]
[WhiteElo "2387"]
[BlackElo "2221"]
[TimeControl "180+1"]
[EndTime "12:06:46 PST"]
[Termination "Game drawn - insufficient material"]

1. e4 c5 2. c3 Nf6 3. e5 Nd5 4. d4 cxd4 5. cxd4 Nc6 6. Nf3 d6 7. Bc4 Nb6 8. Bb5 dxe5 9. Nxe5 Bd7 10. Nxd7 Qxd7 11. Nc3 e6 12. O-O Be7 13. Qg4 O-O 14.
Bxc6 bxc6 15. Bh6 Bf6 16. Rfd1 Kh8 17. Be3 Nc4 18. b3 Nd6 19. Rac1 Nf5 20. Ne2 a5 21. Rc4 Rfd8 22. Rdc1 Ra6 23. Qf3 Nh4 24. Qe4 e5 25. Rxc6 Rxc6 26. Qxc6 Qg4 27. dxe5 Qxe2 28. Qc4 Rd1+ 29.
Rxd1 Qxd1+ 30. Qf1 Qxf1+ 31. Kxf1 Bxe5 32. h3 Nf5 33. Bb6 Bc3 34. Ke2 f6 35. Kd3 Be1 36. Ke2 Bb4 37.
Kd3 Kg8 38. Kc2 Kf7 39. Kb2 Ke6 40. a3 Be1 41. Kc2 Kd5 42. Kd1 Bc3 43. Kc2 Bd4 44.
Bxa5 Bxf2 45. Kd3 Nd4 46. Bb6 g5 47. a4 h5 48. a5 g4 49. hxg4 hxg4 50. a6 Nxb3 51.
Bxf2 Kc6 52. Ke4 Kc7 53. Kf5 Kb8 54. Kxg4 Nd2 55. Kf5 Nc4 56. Kxf6 Nd6 57. Ke6 Ne4 58. Bg1 Ka8 59. g4 Ng5+ 60. Kf5 Nf3 61. Be3 Kb8 62.
g5 Nxg5 63. Kxg5 Ka8 64. Kf5 Kb8 65. Ke6 Ka8 66. Kd6 Kb8 67. Kc6 Ka8 68. Kb5 Kb8 69.
Bf4+ Ka8 70. Be5 Ka7 71. Bc7 Ka8 72. Bb6 Kb8 73. Kc6 Ka8 74. Kd7 Kb8 75. Bc5 Ka8 76. Bd4 Kb8 77. Be3 Ka8 78. Bf4 Ka7 79. Bb8+ Kxa6 1/2-1/2

[Event "*** Titled Tuesday Blitz"]
[Site "Chess.com"]
[Date "2020.12.29"]
[Round "11"]
[White "rududuyk"]
[Black "Ariadna_Atreides"]
[Result "0-1"]
[WhiteElo "2219"]
[BlackElo "2083"]
[TimeControl "180+1"]
[EndTime "12:06:46 PST"]
[Termination "Ariadna_Atreides won by resignation"]

1. e4 c5 2. Nc3 Nc6 3. f4 e6 4.
Nf3 d5 5. Bb5 d4 6. Ne2 Bd7 7.
a4 a6 8. Bc4 Rb8 9. d3 Nf6 10.
O-O Be7 11. Qe1 O-O 12. Qg3 b5 13. Bb3 Na5 14. Ba2 c4 15. Nexd4 Bc5 16. Be3 Bc8 17. Bf2 Nh5 18. Qg5 Qxg5 19. fxg5 cxd3 20. cxd3 Nf4 21. Rfd1 b4 22. Rac1 Bb6 23. Nc6 Ne2+ 24. Kf1 Nxc1 25. Nxb8 Bxf2 26. Rxc1 Ba7 27. Nc6 Nxc6 28. Rxc6 Bb7 29.
Rc7 Rb8 30. Ne5 Bb6 31. Rc1 Bd4 32. Nc4 Rc8 33. Rd1 Bc6 34. Bb3 e5 35. Ke2 Bd7 36. Ne3 Bxb2 37. Nd5 Kf8 38. Rf1 Be6 39. Bc4 Bd4 40.
h4 Rb8 41. Bxa6 b3 42. Bc4 b2 43. Rb1 Rb4 44. Bb5 Bxd5 45. exd5 Ke7 46. g4 Kd6 47.
Bc6 Rb3 48. a5 Ra3 49. Kd2 Rxa5 50. Kc2 Rc5+ 51. Kd2 Ra5 52. Kc2 Kc5 53. h5 Kb4 54. g6 hxg6 55. hxg6 fxg6 56. Kd2 Kb3 57. d6 Ka2 58.
Bd5+ Kxb1 59. d7 Rxd5 0-1

[Event "*** Titled Tuesday Blitz"]
[Site "Chess.com"]
[Date "2020.12.29"]
[Round "11"]
[White "ural58"]
[Black "vladgoncharov"]
[Result "1/2-1/2"]
[WhiteElo "2429"]
[BlackElo "2550"]
[TimeControl "180+1"]
[EndTime "12:06:47 PST"]
[Termination "Game drawn by repetition"]

1. e4 e6 2. Qe2 c5 3. b3 Nc6 4. Bb2 e5 5. f4 d6 6. Nc3 Nf6 7.
O-O-O Bg4 8. Nf3 Nd4 9. Qf2 Bxf3 10. gxf3 Qa5 11. fxe5 dxe5 12. f4 Bd6 13. Rg1 g6 14. Bc4 O-O-O 15. Bxf7 exf4 16. Qh4 Be5 17. Kb1 Kb8 18.
Rgf1 Qc7 19. Bd5 h6 20. Qe1 g5 21. Bc4 g4 22. Nd5 Nxd5 23. Bxd5 f3 24. c3 Nc6 25. Qh4 h5 26. h3 Qg7 27. Bxc6 bxc6 28. Qf2 Rhf8 29.
hxg4 hxg4 30. Qxc5 Qc7 31. d4 g3 32. dxe5 Rxd1+ 33. Rxd1 Re8 34. Qe3 Rf8 35. c4 f2 36.
Qxg3 f1=Q 37. Rxf1 Rxf1+ 38. Kc2 Kb7 39. Bd4 Qh7 40.
Qd3 Rf4 41. Kc3 Qxe4 42. Qxe4 Rxe4 43. Kd3 Re1 44. b4 a6 45. a4 Kc7 46. a5 Kd7 47. Bc3 Rd1+ 48. Ke4 Rc1 49. Kd3 Rd1+ 50. Ke4 Rc1 51. Kd4 Rd1+ 52. Kc5 Kc7 53. Bd4 Rf1 54. Be3 Re1 55. Bf4 Re4 56. Bg3 Re3 57. Bh2 Re2 58.
Bf4 Re4 59. Bg3 Re3 60. Bh2 Re2 61. Bf4 Re4 1/2-1/2

[Event "*** Titled Tuesday Blitz"]
[Site "Chess.com"]
[Date "2020.12.29"]
[Round "11"]
[White "chessuriel"]
[Black "CM_rui"]
[Result "1/2-1/2"]
[WhiteElo "2246"]
[BlackElo "2347"]
[TimeControl "180+1"]
[EndTime "12:06:49 PST"]
[Termination "Game drawn by stalemate"]

1. e4 e5 2. Nf3 Nc6 3. Bb5 a6 4. Ba4 Nf6 5. O-O Be7 6. Re1 b5 7. Bb3 O-O 8. d4 exd4 9. c3 d5 10.
exd5 Nxd5 11. cxd4 Bg4 12. Nc3 Nb6 13. d5 Na5 14. Bc2 g6 15. h3 Bc8 16. Bh6 Re8 17. Qd4 Bf8 18. Bg5 Qd7 19. Rxe8 Qxe8 20. Re1 Qd7 21.
Ne5 Bg7 22. Qh4 Qd6 23. Be7 Qxe5 24. Rxe5 Bxe5 25. Bf6 Bxf6 26. Qxf6 Bb7 27. Be4 Re8 28. h4 h5 29. Bxg6 fxg6 30. Qxg6+ Kf8 31. Qf6+ Kg8 32.
Qg5+ Kf8 33. Qxh5 Nac4 34. Qh8+ Ke7 35. Qg7+ Kd8 36. h5 Kc8 37. h6 Nxd5 38. Nxd5 Bxd5 39. h7 Nd6 40. h8=Q Rxh8 41. Qxh8+ Kb7 42. Qe5 Bc6 43. g4 Nc4 44. Qd4 Nd6 45. g5 Nf7 46. Qf6 Nd6 47. g6 Bd5 48. Qe5 Bg8 49. g7 Nc4 50. Qe8 Bd5 51.
g8=Q Bxg8 52. Qxg8 Nxb2 53. Qg2+ Kb6 54. Qe4 Nc4 55.
Qe6+ c6 56. f4 a5 57. f5 a4 58. f6 Na5 59. f7 b4 60. f8=Q b3 61. Qd8+ Kb5 62.
Qe5+ c5 63. Qxc5+ Kxc5 64. Qxa5+ Kc4 65. Qxa4+ Kc5 66. Qxb3 Kd6 67. a4 Kc6 68. a5 Kd6 69.
a6 Kc6 70. a7 Kd6 71. a8=Q Kc7 72. Qaa2 Kd6 73. Qac2 Ke5 74. Qbd3 Kf4 75. Qce2 Kg5 76. Qdf3 Kh4 77. Qeg2 1/2-1/2

[Event "*** Titled Tuesday Blitz"]
[Site "Chess.com"]
[Date "2020.12.29"]
[Round "11"]
[White "Neftegor"]
[Black "HackingKid98"]
[Result "0-1"]
[WhiteElo "2538"]
[BlackElo "2436"]
[TimeControl "180+1"]
[EndTime "12:06:50 PST"]
[Termination "HackingKid98 won by resignation"]

1. d4 Nf6 2. c4 e6 3. Nc3 d5 4. cxd5 exd5 5. Bg5 c6 6. e3 Bd6 7.
Bd3 Nbd7 8. Qc2 Nf8 9. Nf3 Ng6 10.
O-O-O h6 11. Bxf6 Qxf6 12. h3 O-O 13. Kb1 Be6 14. e4 dxe4 15. Nxe4 Qe7 16. Nxd6 Qxd6 17. Rhe1 Rae8 18. Ne5 Bd5 19. Bxg6 fxg6 20. f3 g5 21. b3 Re6 22. Re2 Rfe8 23. Qc3 Qf8 24. Kb2 b6 25. Rde1 Qf5 26. Re3 a5 27. Qc2 Qf4 28. Qd3 c5 29. R3e2 cxd4 30. Ng6 Qf6 31. Rxe6 Rxe6 32. Rxe6 Bxe6 33. Qe4 d3+ 34. Ne5 d2 35. Qa8+ Kh7 36. Qe4+ Bf5 37. Qd4 d1=Q 38. Qxd1 Qxe5+ 39. Ka3 Qc5+ 40. Kb2 Qf2+ 41. Ka3 Qc2 42. Qg1 b5 43. Qd4 Qc7 44.
b4 a4 45. Qe3 Qc2 46. g4 Qd3+ 47. Qxd3 Bxd3 48. Kb2 Bc4 49. a3 Kg6 50. Kc3 Kf6 51. Kd4 Ke6 52. Ke3 g6 53. Ke4 Kf6 54. f4 gxf4 55.
Kxf4 g5+ 56. Kg3 Bf1 57. h4 Ke5 58. h5 Be2 59. Kf2 Bxg4 0-1

[Event "*** Titled Tuesday Blitz"]
[Site "Chess.com"]
[Date "2020.12.29"]
[Round "11"]
[White "Arseniy_Nesterov"]
[Black "jcibarra"]
[Result "1/2-1/2"]
[WhiteElo "2796"]
[BlackElo "2884"]
[TimeControl "180+1"]
[EndTime "12:06:51 PST"]
[Termination "Game drawn - insufficient material"]

1. d4 Nf6 2. c4 d6 3. Nc3 e5 4. Nf3 e4 5. Nd2 Qe7 6. Nb3 h6 7. Bf4 Nh5 8. Be3 c6 9. g3 f5 10. Bg2 g5 11. Qd2 Bg7 12. g4 Nf6 13. gxf5 Bxf5 14.
h4 g4 15. Bf4 Nh5 16. Bh2 g3 17. fxg3 e3 18. Qc1 O-O 19. O-O Na6 20. Rf3 Nb4 21.
a3 Nc2 22. Rxf5 Nxa1 23. Rxf8+ Qxf8 24. Qxa1 Qf2+ 25. Kh1 Nxg3+ 26. Bxg3 Qxg3 27. Qg1 Qxh4+ 28. Qh2 Qe1+ 29. Qg1 Qh4+ 30. Qh2 Qf6 31. Bf3 Rf8 32. Ne4 Qg6 33. Qg2 Qe6 34. d5 cxd5 35. cxd5 Qe5 36. Nc1 Qxb2 37. Nd3 Qa1+ 38. Kh2 Kh8 39. Qg3 Qxa3 40.
Qxd6 Qxd6+ 41. Nxd6 a5 42. Nc4 a4 43. d6 b5 44. Na3 b4 45. Nxb4 Be5+ 46. Kg2 Bxd6 47. Nbc2 Rb8 48. Be4 Rc8 49. Kf3 Rc3 50. Nb5 Rb3 51.
Nxd6 a3 52. Nxa3 Rxa3 53. Nf5 h5 54. Nxe3 Kg7 55. Kf4 Kf6 56. Nd5+ Ke6 57. Bf3 Rxf3+ 58. exf3 Kxd5 59. Kg5 Ke5 60. Kxh5 Kf4 61. Kh4 Kxf3 1/2-1/2

[Event "*** Titled Tuesday Blitz"]
[Site "Chess.com"]
[Date "2020.12.29"]
[Round "11"]
[White "Skat2704"]
[Black "Mikasinski"]
[Result "1-0"]
[WhiteElo "2416"]
[BlackElo "2508"]
[TimeControl "180+1"]
[EndTime "12:06:53 PST"]
[Termination "Skat2704 won by resignation"]

1. d4 Nf6 2. c4 g6 3. Nc3 Bg7 4. e4 d6 5. Nf3 O-O 6. Be2 e5 7.
dxe5 dxe5 8. Qxd8 Rxd8 9. Bg5 Re8 10. O-O-O Na6 11. Nd2 Nc5 12. f3 Ne6 13. Be3 c6 14. Nb3 Nh5 15. Rhe1 f5 16. Na4 b6 17. c5 b5 18. Nc3 a5 19. Rd6 a4 20. Na1 Nd4 21.
Nc2 Bf8 22. Nxd4 exd4 23. Rxd4 Bxc5 24. Rd3 Bxe3+ 25. Rxe3 b4 26. Bc4+ Kg7 27. Nb1 fxe4 28. Rxe4 Rxe4 29. Rxe4 Ra7 30. Re8 Rc7 31. Nd2 Nf6 32. Re5 c5 33. g4 h6 34. Ne4 Nxe4 35. Rxe4 Bb7 36. Re3 g5 37. Kd2 Rd7+ 38. Ke2 Kf6 39.
Re6+ Kg7 40. Re5 Rd4 41. b3 axb3 42. axb3 Kg6 43. Re6+ Kf7 44. Rxh6+ Ke8 45. Rb6 Bc8 46. Rc6 Bd7 47. Rxc5 Rf4 48. Rxg5 Bc6 49. Re5+ Kf8 50. Rf5+ Rxf5 51. gxf5 Ke7 52. Ke3 Kf6 53. Kf4 Be8 54. h4 Bh5 55. Be6 Be8 56. Ke3 Bh5 57. f4 Be8 58.
Kd4 Bh5 59. Kc5 Be2 60. Kxb4 Kg7 61. Kc5 Kh6 62. b4 Kg7 63. b5 Kf6 64. b6 Ba6 65.
Kc6 Ke7 66. b7 Bxb7+ 67. Kxb7 1-0

[Event "*** Titled Tuesday Blitz"]
[Site "Chess.com"]
[Date "2020.12.29"]
[Round "11"]
[White "Bigfish1995"]
[Black "DanielNaroditsky"]
[Result "1-0"]
[WhiteElo "3024"]
[BlackElo "3101"]
[TimeControl "180+1"]
[EndTime "12:06:54 PST"]
[Termination "Bigfish1995 won by resignation"]

1. e4 c5 2. Nf3 d6 3. d4 cxd4 4. Nxd4 Nf6 5. Nc3 a6 6. Qd3 Nc6 7. Bg5 Bd7 8. f4 Rc8 9. Be2 e5 10. Nxc6 Bxc6 11. O-O-O Be7 12. Bxf6 Bxf6 13. f5 Qa5 14. Kb1 O-O 15. g4 Bd8 16. Qxd6 Bb6 17. Nd5 Bxd5 18. Rxd5 Qa4 19. Bd3 Bd4 20. b3 Qc6 21. Qxc6 Rxc6 22. a4 Rfc8 23. Rc1 Kf8 24. h4 Ke7 25. Rf1 Rb6 26. Ka2 h6 27. Bc4 Rbc6 28.
a5 Rc5 29. Kb1 Rxd5 30. Bxd5 Rc5 31. Rf3 Rc7 32. g5 hxg5 33. hxg5 Bc3 34. Bxb7 Bxa5 35. Bxa6 Bc3 36. Bc4 Bd4 37. c3 Bc5 38. Kc2 Ra7 39. b4 Bd6 40. f6+ Kf8 41. Rd3 Rd7 42. Bb5 Rd8 43. Rh3 Kg8 44. Bc4 Rc8 45. Kb3 g6 46.
Rh6 Bf8 47. Rh3 Rd8 48. Bd5 Rb8 49. Kc4 Rc8+ 50. Kd3 Rb8 51. Rh2 Rb6 52. Ra2 Rb8 53.
Ra7 Kh8 54. Rxf7 Rc8 55. b5 Bc5 56. Rg7 Bb4 57. Rxg6 Rxc3+ 58. Ke2 Rc2+ 59. Kf3 Rh2 60. Rh6+ Rxh6 61. gxh6 Kh7 62. f7 Kxh6 63. b6 Kg7 64. b7 Bd6 65. Kg4 Kf8 66. Kf5 Ke7 67. Kg6 Kf8 68.
Kf6 Bc7 69. Ke6 Bb8 70. Kd7 1-0

[Event "*** Titled Tuesday Blitz"]
[Site "Chess.com"]
[Date "2020.12.29"]
[Round "11"]
[White "Alomaterapia"]
[Black "FlySooHigh"]
[Result "0-1"]
[WhiteElo "2511"]
[BlackElo "2660"]
[TimeControl "180+1"]
[EndTime "12:06:55 PST"]
[Termination "FlySooHigh won by resignation"]

1. e4 c5 2. c3 d5 3. exd5 Qxd5 4. d4 Nf6 5. Nf3 Bg4 6. Nbd2 Nc6 7. Bc4 Qf5 8. Qb3 O-O-O 9. Bxf7 cxd4 10. h3 dxc3 11.
bxc3 Na5 12. hxg4 Nxb3 13. gxf5 Nxa1 14. Be6+ Kb8 15. Kd1 Ne4 16. Ke1 Nc2+ 17. Kf1 Nxc3 18. Rh4 Nb5 19. Nb3 Ka8 20. Rc4 Nca3 21. Rc5 a6 22. Ne5 g6 23. Nf7 Bg7 24. Nxh8 Bxh8 25.
Be3 Bf6 26. g3 Nd6 27. fxg6 hxg6 28. Rd5 Nac4 29. Bc5 Rh8 30. Kg2 b6 31. Bd4 Kb7 32.
Bxf6 exf6 33. Rd4 b5 34. Nc5+ Kb6 35. Nd3 Kc7 36. Nf4 g5 37. Nd5+ Kc6 38. Nxf6 Rh6 39. Bxc4 Nxc4 40. Ng4 Re6 41. Kf3 a5 42. a4 Kc5 43. Rd8 bxa4 44. Rc8+ Kb4 45. Ne3 Nxe3 46. fxe3 a3 47. Rb8+ Kc5 48. Rb3 a4 49. Rxa3 Kb4 50.
Ra1 Ra6 51. Rb1+ Kc3 52. Kg4 Ra5 53. e4 a3 54. Rc1+ Kd4 55. Kf3 a2 56. Ra1 Ra3+ 57.
Kg4 Kxe4 58. Kxg5 Rxg3+ 59. Kh4 Ra3 60. Kg4 Kd4 61. Kf4 Kc3 62. Ke4 Kb2 0-1

[Event "*** Titled Tuesday Blitz"]
[Site "Chess.com"]
[Date "2020.12.29"]
[Round "11"]
[White "chessmachine14"]
[Black "KetiGrant"]
[Result "1-0"]
[WhiteElo "2280"]
[BlackElo "2422"]
[TimeControl "180+1"]
[EndTime "12:06:59 PST"]
[Termination "chessmachine14 won on time"]

1. e4 c5 2. Nf3 Nc6 3. d4 cxd4 4. Nxd4 e5 5. Nb5 d6 6. N1c3 a6 7. Na3 b5 8. Nd5 Nge7 9. Bg5 h6 10. Bh4 Qa5+ 11.
c3 Nxd5 12. Qxd5 Bb7 13. Rd1 Qb6 14. Qd2 g5 15. Bg3 Be7 16. f3 h5 17. Bf2 Qc7 18.
Be2 Nd8 19. Nc2 Ne6 20. g3 g4 21. h4 gxf3 22. Bxf3 f5 23. Qe2 O-O-O 24. exf5 Ng7 25. Ne3 e4 26. Bg2 d5 27. g4 hxg4 28. Qxg4 Bf6 29. Bg3 Qc5 30. Nc2 Rde8 31. Qf4 Be5 32. Qg4 Bxg3+ 33.
Qxg3 Nxf5 34. Bh3 Rhf8 35. Rf1 Qc7 36. Qxc7+ Kxc7 37. Bxf5 e3 38. Nd4 Rh8 39. Rh1 Ref8 40. Ke2 Kd6 41. Kxe3 Re8+ 42. Kf4 Bc8 43. Bxc8 Re4+ 44.
Kf3 Rxc8 45. Nf5+ Ke5 46. Ng3 Rf8+ 47. Kg2 Rg4 48. Rdf1 Rfg8 49. Rf3 d4 50. cxd4+ Kxd4 51. h5 Rh8 52. h6 Rg6 53. h7 Rg7 54. Kf2 Rgxh7 55.
Rxh7 Rxh7 56. Rf6 a5 57. Ne2+ Kd3 58. Rf3+ 1-0

[Event "*** Titled Tuesday Blitz"]
[Site "Chess.com"]
[Date "2020.12.29"]
[Round "11"]
[White "MillyNeuf"]
[Black "WinOrTilt"]
[Result "1-0"]
[WhiteElo "2330"]
[BlackElo "2163"]
[TimeControl "180+1"]
[EndTime "12:06:59 PST"]
[Termination "MillyNeuf won by resignation"]

1. e4 e6 2. d4 d5 3. Nd2 dxe4 4. Nxe4 Nd7 5. Bd3 Ngf6 6. Qe2 Be7 7.
c3 Nxe4 8. Bxe4 Nf6 9. Bxb7 Bxb7 10. Qb5+ Qd7 11. Qxb7 O-O 12. Nf3 Nd5 13. Qa6 Bd6 14.
Qd3 Rab8 15. O-O a5 16. Rb1 a4 17. b3 axb3 18. axb3 Rb7 19. Bd2 Rfb8 20. b4 Nf4 21. Bxf4 Bxf4 22. g3 Bd6 23. Qc4 Qb5 24. Qxb5 Rxb5 25.
Ra1 e5 26. dxe5 Bxe5 27. Nxe5 Rxe5 28. Ra7 Rc8 29. Rd1 c5 30. b5 Rb8 31. b6 g6 32. b7 Re7 33. Rb1 Kg7 34. Kg2 Kf6 35. Rb6+ Ke5 36. Kf3 Kd5 37. h4 h6 38. Rb1 Kc4 39. Kf4 Rd7 40. Ke5 Kxc3 41. Kf6 c4 42. Ra3+ Kc2 43. Rb4 Rbxb7 44. Rxc4+ Kb2 45. Rac3 Rb6+ 46. Rc6 Rxc6+ 47. Rxc6 Kb3 48. Rc8 Rd2 49. Kxf7 Rxf2+ 50. Kxg6 Rg2 51. Kxh6 Rxg3 52. h5 Kb4 53. Kh7 Kb5 54. h6 Kb6 55. Rc1 Kb5 56. Kh8 Kb4 57. h7 Kb3 58. Rc7 Kb4 59. Rg7 Rh3 60. Kg8 1-0

[Event "*** Titled Tuesday Blitz"]
[Site "Chess.com"]
[Date "2020.12.29"]
[Round "11"]
[White "Nemsko"]
[Black "NaciSAN"]
[Result "1-0"]
[WhiteElo "2317"]
[BlackElo "2167"]
[TimeControl "180+1"]
[EndTime "12:06:59 PST"]
[Termination "Nemsko won on time"]

1. e4 e5 2. Nf3 Nc6 3. Bb5 a6 4. Ba4 Nf6 5. O-O Be7 6. Re1 b5 7. Bb3 O-O 8. h3 Bb7 9. c3 d5 10.
exd5 Nxd5 11. d4 exd4 12. Nxd4 Nxd4 13. Qxd4 Bd6 14. Nd2 Nf4 15. Ne4 Re8 16. Bxf4 Bxf4 17.
Nc5 Qxd4 18. cxd4 Rxe1+ 19. Rxe1 Bc6 20. d5 Be8 21. g3 Bd6 22. Ne4 Bb4 23. Rc1 Ba5 24.
d6 cxd6 25. Nxd6 Kf8 26. Nb7 Bb6 27. Bd5 Rb8 28. Bf3 Bd7 29. Kg2 Re8 30. Nd6 Re6 31.
Ne4 Re7 32. Nc3 Bd8 33. Rd1 g6 34. Nd5 Re5 35. Nf4 Ke7 36. Nd3 Re6 37. Nc5 Rd6 38. Re1+ Kf8 39. Nb7 Bc7 40. Nxd6 Bxd6 41. Rd1 Ke7 42.
Re1+ Kd8 43. Rc1 Be6 44. b3 a5 45. Rd1 Ke7 46. Be2 a4 47. Bxb5 axb3 48. axb3 Bxb3 49. Re1+ Be6 50. Bc4 Kd7 51. Bxe6+ fxe6 52. f4 Ke7 53.
Re2 Kf6 54. Kf3 e5 55. Rd2 Bc7 56. Rc2 Bd6 57. Rc6 Ke7 58. fxe5 Bxe5 59. g4 h5 60. Ra6 Kf7 61. Ke4 Bf6 62. Ra7+ Kg8 63. Kd5 hxg4 64.
hxg4 Bg5 65. Ke6 1-0

[Event "*** Titled Tuesday Blitz"]
[Site "Chess.com"]
[Date "2020.12.29"]
[Round "11"]
[White "Tsyhanchuk_Stanislav"]
[Black "Roza_Idrisova"]
[Result "0-1"]
[WhiteElo "2263"]
[BlackElo "2186"]
[TimeControl "180+1"]
[EndTime "12:07:00 PST"]
[Termination "Roza_Idrisova won on time"]

1. d4 d5 2. Nf3 c6 3. c4 Nf6 4.
e3 a6 5. Nc3 b5 6. b3 Bg4 7.
Be2 e6 8. O-O Bd6 9. Ne5 Bf5 10.
f4 O-O 11. c5 Bxe5 12. fxe5 Ne4 13. Nxe4 Bxe4 14. Bd3 Bxd3 15. Qxd3 Nd7 16. Bd2 f5 17. exf6 Rxf6 18. e4 Rxf1+ 19. Rxf1 Nf6 20. Bg5 dxe4 21. Qe3 Qd5 22. Bxf6 gxf6 23. Rxf6 Kg7 24. Rf4 Rd8 25. Rxe4 Kh8 26. Qf4 Qf5 27. Qe3 Rf8 28. h3 Rf6 29. Re5 Qb1+ 30. Kh2 Qg6 31. Rg5 Qf7 32.
Qe5 h6 33. Rg4 Kh7 34. Re4 Rg6 35. Qf4 Qg7 36. Re2 Qf6 37. Qxf6 Rxf6 38. g4 Kg7 39.
Kg3 Rg6 40. h4 Rf6 41. g5 hxg5 42. hxg5 Rf5 43. Kg4 Rd5 44. Re4 Kf7 45. Kh5 Kg7 46. Rxe6 Rxd4 47. Rxc6 Rd2 48. Rc7+ Kf8 49. Kg6 Rxa2 50.
c6 Rc2 51. Rc8+ Ke7 52. c7 Kd7 53. Ra8 Kxc7 54. Rxa6 Rc3 55. b4 Rc4 56. Rf6 Rxb4 57. Kg7 Rg4 58. g6 b4 59. Rf3 Kc6 60. Kf7 Kc5 61. g7 Kc4 0-1

[Event "*** Titled Tuesday Blitz"]
[Site "Chess.com"]
[Date "2020.12.29"]
[Round "11"]
[White "A-S-00"]
[Black "Loy_Konstantin"]
[Result "1-0"]
[WhiteElo "2292"]
[BlackElo "2373"]
[TimeControl "180+1"]
[EndTime "12:07:03 PST"]
[Termination "A-S-00 won by resignation"]

1. d4 Nf6 2. c4 c5 3. d5 b5 4.
cxb5 a6 5. bxa6 Bxa6 6. Nc3 g6 7. Nf3 d6 8. g3 Nbd7 9. h3 Bg7 10. Bg2 Qa5 11. O-O Nb6 12. Rb1 Nc4 13. Qc2 Nd7 14.
Rd1 O-O 15. e4 Rfb8 16. Bf1 Nce5 17. Nxe5 Nxe5 18. Kg2 Bxf1+ 19. Rxf1 c4 20. Bd2 Qc5 21. Be3 Qa5 22. Rfd1 Nd3 23. Bd2 Bxc3 24. Bxc3 Qxa2 25. Rxd3 cxd3 26. Qxd3 Rb3 27. Rc1 Qa7 28. h4 h5 29.
Qd2 Rc8 30. Qh6 Rbxc3 31. bxc3 Qa4 32. Qe3 Rc4 33. Rb1 Qa8 34. Rb4 Rc8 35. c4 Qa2 36. Qc3 Qe2 37. Qd4 Qg4 38. Rb3 f6 39. f3 Qd7 40. Rc3 Qc7 41. f4 Kf7 42. e5 dxe5 43. fxe5 Qxe5 44. Qxe5 fxe5 45. Kf3 e6 46. d6 Rc6 47. c5 Ke8 48. Ke4 Kd7 49. Kxe5 Ra6 50. Kf6 Ra4 51. Kxg6 Rg4+ 52. Kxh5 Rg8 53. g4 e5 54. g5 Ke6 55. Kg4 Kd5 56. h5 Kd4 57. Rc1 e4 58. c6 Ke5 59. d7 Kd6 60. h6 Kc7 61. h7 Rh8 62. g6 e3 63. g7 1-0

[Event "*** Titled Tuesday Blitz"]
[Site "Chess.com"]
[Date "2020.12.29"]
[Round "11"]
[White "Cambek64"]
[Black "GameOverBro"]
[Result "0-1"]
[WhiteElo "2329"]
[BlackElo "2465"]
[TimeControl "180+1"]
[EndTime "12:07:04 PST"]
[Termination "GameOverBro won on time"]

1. e4 Nf6 2. e5 Nd5 3. c4 Nb6 4. a4 a5 5. Ra3 e6 6. Rg3 f5 7. d4 Bb4+ 8. Nc3 O-O 9. Bh6 Rf7 10. Qh5 Bf8 11. Nh3 g6 12. Nf4 Bxh6 13. Qxh6 Qf8 14. Qg5 Qe7 15. Qxe7 Rxe7 16. h4 Nc6 17. c5 Nxa4 18.
Nxa4 Nxd4 19. h5 g5 20. Rxg5+ Rg7 21. Rxg7+ Kxg7 22. h6+ Kf7 23. Rh3 Nc6 24. Nd3 Kg6 25.
f4 Rb8 26. Be2 b5 27. cxb6 cxb6 28. Bf3 Nd4 29. Kd2 Ba6 30. Nc3 b5 31. Ne2 Nb3+ 32.
Ke3 b4 33. g4 fxg4 34. Be4+ Kf7 35. Rh4 Rg8 36. Bxh7 Rh8 37. Be4 Bxd3 38. Bxd3 a4 39. h7 a3 40. bxa3 bxa3 41. Nc3 Nc5 42. Bc2 Nb7 43.
Rxg4 d6 44. exd6 Nxd6 45. Ne4 Nf5+ 46. Kd2 a2 47. Rg1 Ke7 48. Ng5 Ra8 49. Bxf5 exf5 50. Ra1 Kf6 51. Kc2 Kg7 52. Kb2 Rb8+ 53. Kxa2 Kh8 54.
Rb1 Rb7 55. Rb3 Ra7+ 56. Kb2 Rb7 57. Kc3 Rc7+ 58. Kd4 Rb7 59. Rc3 Rd7+ 60. Ke5 Rc7 0-1

[Event "*** Titled Tuesday Blitz"]
[Site "Chess.com"]
[Date "2020.12.29"]
[Round "11"]
[White "tlomigtlis"]
[Black "XDPS"]
[Result "1-0"]
[WhiteElo "2571"]
[BlackElo "2708"]
[TimeControl "180+1"]
[EndTime "12:07:05 PST"]
[Termination "tlomigtlis won on time"]

1. d4 d5 2. c4 e6 3. Nc3 Nf6 4.
cxd5 exd5 5. Bg5 c6 6. Qc2 h6 7. Bh4 Bd6 8. e3 O-O 9. Bd3 Re8 10. Nge2 a5 11. Bg3 Na6 12. a3 Nc7 13. O-O Ne6 14. Rab1 Ng5 15. h3 Nge4 16. Nxe4 dxe4 17. Bc4 Bf5 18. Qb3 Re7 19. a4 g5 20. Rbd1 Kg7 21.
d5 c5 22. Nc3 Bg6 23. Nb5 Ne8 24. Qc3+ f6 25. Qe1 Bxg3 26. fxg3 Nd6 27. Qc3 Rf7 28. g4 h5 29. gxh5 Bxh5 30. g4 Bg6 31. Kg2 b6 32. Rf2 Nxb5 33. axb5 Qd6 34. Rdf1 Rh8 35. b3 Rh6 36. Qb2 Bh7 37. Qc3 Bg8 38. Rf5 Rg6 39.
Qa1 Re7 40. Qc3 Bh7 41. R1f2 Ra7 42. Qa1 Bg8 43. Rf1 Rf7 44. Qc3 Bh7 45. Qa1 Kf8 46.
Qc3 Rh6 47. R5f2 Kg7 48. Qb2 Re7 49. Qc3 Re5 50. Qb2 Bg8 51. Qc3 Bxd5 52. Rd1 Qe6 53.
Bxd5 Rxd5 54. Rxd5 Qxd5 55. Rf5 Qe6 56. Rxg5+ Kf7 57.
Rf5 Kg7 58. Rf4 Rh8 59. Kg3 Kg6 60. h4 Re8 61. h5+ Kg7 62. g5 Rg8 63. Rxf6 Qe7 64.
Re6+ 1-0